 Dungeon Crawl Stone Soup version 0.29.1-15-g9cfb28693d (webtiles) character file.

Game seed: 15698883289999913414

86 BuddhaDhamma the Slasher (level 4, -3/39 HPs)
             Began as a Minotaur Berserker on Feb 24, 2023.
             Was a Believer of Trog.
             Blown up by Ijyb (5 damage)
             ... with a mindburst bolt
             ... on level 3 of the Dungeon.
             The game lasted 00:07:54 (1985 turns).

BuddhaDhamma the Slasher (Minotaur Berserker)       Turns: 1985, Time: 00:07:54

Health: -3/39      AC:  9    Str: 23    XL:     4   Next: 26%
Magic:  3/3        EV:  8    Int:  4    God:    Trog [**....]
Gold:   79         SH:  0    Dex: 10    Spells: 3/3 levels left

rFire   . . .      SeeInvis .   c - +2 long sword (holy)
rCold   + . .      Faith    .   (no shield)
rNeg    . . .      Spirit   .   f - +0 chain mail
rPois   +          Reflect  .   (helmet restricted)
rElec   .          Harm     .   (no cloak)
rCorr   .          Rampage  .   m - +0 pair of gloves
Will    .....                   (no boots)
Stlth   ..........              (no amulet)
HPRegen 0.13/turn               g - ring of protection from cold
MPRegen 0.08/turn               n - ring of poison resistance

@: on berserk cooldown, slowed, very slow
A: horns 2, retaliatory headbutt
a: Renounce Religion, Berserk, Trog's Hand


You were on level 3 of the Dungeon.
You worshipped Trog.
Trog was pleased with you.
You visited 1 branch of the dungeon, and saw 3 of its levels.

You collected 79 gold pieces.

Inventory:

Hand Weapons
 c - a +2 long sword of holy wrath (weapon)
Missiles
 i - 34 stones (quivered)
Armour
 f - a +0 chain mail (worn)
 m - a +0 pair of gloves (worn)
Jewellery
 g - a ring of protection from cold (left hand)
 n - a ring of poison resistance (right hand)
Scrolls
 d - 2 scrolls of identify
 j - a scroll of summoning
 k - a scroll of poison {unknown}
Potions
 a - 3 potions of curing
 b - 2 potions of degeneration
 e - a potion of lignification
 h - a potion of berserk rage
 o - a potion of flight {unknown}
 p - a potion of attraction {unknown}


   Skills:
 - Level 3.6 Fighting
 + Level 4.7 Long Blades
 - Level 3.7 Axes
 - Level 2.4 Armour
 - Level 2.1 Dodging


You had 3 spell levels left.
You didn't know any spells.
Your spell library was empty.

Dungeon Overview and Level Annotations

Branches:
Dungeon (3/15)

Altars:

Shops:
D:1 ?(?*

Annotations:
D:3 Ijyb, Robin


Innate Abilities, Weirdness & Mutations

You have a pair of horns on your head.
You reflexively headbutt those who attack you in melee.


Message History

You hit the hobgoblin.
The hobgoblin is severely wounded.
The goblin closely misses you. The hobgoblin hits you.
You hit the hobgoblin.
You kill the hobgoblin!
Trog accepts your kill.
The goblin hits you but does no damage. x2
You completely miss Ijyb. The goblin hits you but does no damage.
Ijyb hits you but does no damage. The goblin hits you with a +0 dagger.
You hit Ijyb.
Ijyb is lightly wounded.
The goblin hits you but does no damage. Ijyb closely misses you.
You slash Ijyb! Your headbutt misses Ijyb.
Ijyb is heavily wounded.
The goblin barely misses you.
Robin roars a battlecry!
The goblins go into a battle-frenzy!
Ijyb zaps a wand.
Your mind is blasted!
The goblin hits you with a +0 dagger. Ijyb hits you but does no damage.
You hit Ijyb.
Ijyb is severely wounded.
The goblin barely misses you. Ijyb hits you with a +0 dagger.
The goblin hits you but does no damage. Ijyb hits you but does no damage.
You hit Ijyb.
Ijyb is almost dead.
A hobgoblin comes into view.
The goblin hits you but does no damage.
Ijyb zaps a wand.
You barely resist.
Ijyb screams, "Level is mine!
All mine!"
You closely miss the goblin. The goblin hits you but does no damage.
Robin's bangles clink loudly.
You slash the goblin!
You kill the goblin!
Trog accepts your kill. Robin throws the goblin at you!
Ijyb zaps a wand.
Your mind is blasted!
* * * LOW HITPOINT WARNING * * *
Ijyb hits you but does no damage. The goblin hits you with a +0 club.
* * * LOW HITPOINT WARNING * * *
You barely miss the goblin. The goblin hits you but does no damage.
Ijyb zaps a wand.
You barely resist.
Ijyb zaps a wand.
Your mind is blasted!
You die...

# .. ... ..
####g##.#
#@ggg....
#g##g##.#
#)# #.#
####.#####.#
#..........#
#.###.######
.. #.# ##
#.#


You could see Ijyb (strong), 2 hobgoblins and 3 goblins.

Vanquished Creatures
  4 adders
  A worm (D:3)
  8 bats
  3 endoplasms
  9 goblins
  3 hobgoblins
  2 jackals (D:2)
  2 quokkas
  5 ball pythons
  3 frilled lizards
  4 kobolds
  2 rats (D:2)
46 creatures vanquished.

Notes
Turn   | Place    | Note
-------+----------+-------------------------------------------
     0 | D:1      | BuddhaDhamma the Minotaur Berserker began the quest for the
                  | Orb.
     0 | D:1      | Reached XP level 1. HP: 19/19 MP: 0/0
    99 | D:1      | Found Alaepe's Magic Scroll Shop.
   252 | D:1      | Reached skill level 1 in Long Blades
   264 | D:1      | Found Dorhimud's Magic Scroll Shoppe.
   302 | D:1      | Reached XP level 2. HP: 17/26 MP: 1/1
   555 | D:1      | Found Destao's Assorted Antiques.
   620 | D:1      | Reached skill level 2 in Long Blades
   768 | D:1      | Found Ekuvurynip's Weapon Emporium.
  1198 | D:2      | Reached skill level 3 in Long Blades
  1198 | D:2      | Reached XP level 3. HP: 25/31 MP: 2/2
  1463 | D:2      | Reached ** piety under Trog
  1480 | D:2      | Reached skill level 4 in Long Blades
  1804 | D:3      | Reached XP level 4. HP: 31/39 MP: 3/3
  1955 | D:3      | Noticed Robin
  1973 | D:3      | Noticed Ijyb
  1985 | D:3      | Blown up by Ijyb

Illustrated notes

Levels and vault maps discovered:
D:1:      matt_arrival_grand_opening, layout_loops_ring, serial_shops,
          nicolae_shop_bloodbath_and_beyond, nicolae_square_shop, shop,
          nicolae_shop_waterfront, dk_noncrumbling_2
D:2:      layout_rooms, st_stairs_3, grunt_decor_resistance,
          kennysheep_generic_room_6
D:3:      layout_loops_ring, mainiacjoe_overflow_brackets,
          mainiacjoe_overflow_six_doors_small, uniq_crazy_yiuf_cottage,
          uniq_robin, uniq_ijyb

Skill      XL: |  1  2  3 |
---------------+----------+-----
Long Blades    | 1 3 4 |  4.7
Fighting       | |  3.6
Axes           | |  3.7
Armour         | |  2.4
Dodging        | |  2.1

Action                   |  1- 3 |  4- 6 || total
-------------------------+-------+-------++-------
Melee: Long sword        |    82 |    25 ||   107
       Headbutt          |    11 |       ||    11
       Hand axe          |     1 |       ||     1
Invok: Berserk           |     1 |     1 ||     2
  Use: Scroll            |     5 |     3 ||     8
Armor: Animal skin       |    12 |       ||    12
       Chain mail        |    45 |    24 ||    69
Dodge: Dodged            |    59 |    10 ||    69
